 Dungeon Crawl Stone Soup version 0.27.0-1-g7a089689b8 (webtiles) character file.

Game seed: 15843716917945583843

19 sanka the Skirmisher (level 2, 31/31 HPs)
             Began as an Ogre Enchanter on Aug 13, 2021.
             Quit the game on level 1 of the Dungeon.
             The game lasted 00:01:38 (1204 turns).

sanka the Skirmisher (Ogre Enchanter)               Turns: 1204, Time: 00:01:38

Health: 31/31      AC:  3    Str: 11    XL:     2   Next: 75%
Magic:  5/5        EV:  9    Int: 16    God:
Gold:   149        SH:  0    Dex:  9    Spells: 4/5 levels left

rFire    . . .     SeeInvis .   a - +1 dagger
rCold    . . .     Faith    .   (no shield)
rNeg     . . .     Spirit   .   b - +0 robe
rPois    .         Reflect  .   (helmet restricted)
rElec    .         Harm     .   (no cloak)
rCorr    .         Rampage  .   (gloves unavailable)
Will     .....                  (boots unavailable)
Stlth    ++........             (no amulet)
HPRegen  0.10/turn              (no ring)
MPRegen  0.09/turn              (no ring)

@: no status effects
A: large, unfitting armour, tough skin 1
a: no special abilities


You were on level 1 of the Dungeon.
You visited 1 branch of the dungeon, and saw 1 of its levels.

You collected 149 gold pieces.


Innate Abilities, Weirdness & Mutations

You are too large for most types of armour.
You have tough skin. (AC +1)


   Skills:
 + Level 3.1 Fighting
 - Level 0.8 Short Blades
 - Level 1.7 Dodging
 - Level 2.1 Stealth
 - Level 2.4 Spellcasting
 - Level 2.6 Hexes


You had 4 spell levels left.
You knew the following spells:

 Your Spells              Type           Power      Damage    Failure   Level
Z - Corona                Hex            11%        N/A       7%          1

Your spell library contained the following spells:

 Spells                   Type           Power      Damage    Failure   Level
 Ensorcelled Hibernation  Hex/Ice        12%        N/A       17%         2
 Confusing Touch          Hex            10%        N/A       21%         3
 Tukima's Dance           Hex            10%        N/A       21%         3
 Dazzling Flash           Conj/Hex       12%        N/A       34%         3

Inventory:

Hand Weapons
 a - a +1 dagger (weapon)
Armour
 b - a +0 robe (worn)
Scrolls
 f - a scroll of enchant armour {unknown}
 h - a scroll of teleportation {unknown}
Potions
 c - a potion of attraction {unknown}
 d - 2 potions of curing {unknown}
 e - a potion of brilliance {unknown}
 g - a potion of lignification {unknown}

Dungeon Overview and Level Annotations

Branches:
Dungeon (1/15)

Altars:

▒▒▒▒▒▒▒▒▒▒▒ ▒.......O.▒
▒.▒▒▒▒▒▒▒.▒ ▒......▒▒.▒
▒..▒▒▒..▒.▒ ▒..▒!▒..▒.▒
▒..▒▒▒....▒
▒......▒▒▒▒▒▒▒▒▒▒▒▒▒▒▒▒▒
▒.▒▒.▒▒▒...............▒
▒.▒▒.▒▒▒.▒▒▒▒▒▒▒▒▒▒▒▒▒.▒


There were no monsters in sight!


Message History

The giant cockroach is heavily wounded.
The giant cockroach bites you.
You hit the giant cockroach.
The giant cockroach is severely wounded.
The giant cockroach closely misses you. The giant cockroach bites you.
You hit the giant cockroach.
The giant cockroach is almost dead.
The giant cockroach bites you but does no damage.
You hit the giant cockroach.
You kill the giant cockroach!
No target in view!
You start resting.
HP restored.
Things that are here:
a +0 club; a goblin corpse
Found a fizzy blue potion.
d - 2 fizzy blue potions (gained 1)
Things that are here:
a +0 club; a goblin corpse Done exploring.
Done exploring.
Done exploring.
Done exploring.
Done exploring.
Search for what [? for help]? .
Search for what [Enter for "."]? altar Can't find anything matching that.
Done exploring.
Are you sure you want to abandon this character and quit the game? (Confirm with "yes".)

Action                   || total
-------------------------++-------
Melee: Dagger            ||    96
Armor: Robe              ||    47
Dodge: Dodged            ||    54

Levels and vault maps discovered:
D:1:      dpeg_arrival_water_temple_mockup, layout_basic, serial_glass,
          glass_columns_a, glass_columns_a, item_on_display_a, feat_on_display,
          item_on_display_a, due_unseen_surprise, minmay_gold_behind_fungi,
          st_stairs_14

Notes
Turn   | Place    | Note
-------+----------+-------------------------------------------
     0 | D:1      | sanka the Ogre Enchanter began the quest for the Orb.
     0 | D:1      | Reached XP level 1. HP: 16/16 MP: 3/3
    59 | D:1      | Reached skill level 1 in Fighting
   428 | D:1      | Reached skill level 2 in Fighting
   428 | D:1      | Reached XP level 2. HP: 26/28 MP: 5/5
   850 | D:1      | Reached skill level 3 in Fighting
  1204 | D:1      | Quit the game

Vanquished Creatures
  4 bats (D:1)
  An endoplasm (D:1)
  2 giant cockroaches (D:1)
  3 goblins (D:1)
  3 hobgoblins (D:1)
  A kobold (D:1)
  2 rats (D:1)
16 creatures vanquished.

Vanquished Creatures (others)
  3 fungi (D:1)
  2 toadstools (D:1)
5 creatures vanquished.

Grand Total: 21 creatures vanquished
